 Dungeon Crawl Stone Soup version 0.20.0-4-g10b340a (webtiles) character file.

74 Monsterracer the Slasher (level 4, 0/30 HPs)
             Began as a Halfling Berserker on May 27, 2017.
             Was a Follower of Trog.
             Slain by Sigmund
             ... wielding a cursed -3 scythe
              (4 damage)
             ... on level 3 of the Dungeon.
             The game lasted 00:04:40 (2600 turns).

Monsterracer the Slasher (Halfling Berserker)       Turns: 2600, Time: 00:04:41

Health: 0/30       AC:  5    Str: 18    XL:     4   Next: 54%
Magic:  4/4        EV: 14    Int:  3    God:    Trog [*.....]
Gold:   153        SH:  0    Dex: 14    Spells: 3/3 levels left

rFire    . . .     SeeInvis .   a - +0 falchion
rCold    . . .     Gourm    .   (shield restricted)
rNeg     . . .     Faith    .   f - +0 ring mail
rPois    .         Spirit   .   (no helmet)
rElec    .         Reflect  .   (no cloak)
rCorr    .         Harm     .   (no gloves)
MR       .....                  (no boots)
Stlth    +.........             (no amulet)
Regen    0.1/turn               (no ring)
MPRegen  0.1/turn               (no ring)

@: berserk cooldown
A: dopey 1, mutation resistance 1
a: Berserk, Burn Spellbooks, Renounce Religion


You were on level 3 of the Dungeon.
You worshipped Trog.
Trog was aware of your devotion.
You were not hungry.

You visited 1 branch of the dungeon, and saw 3 of its levels.

You collected 153 gold pieces.

Inventory:

Hand Weapons
 a - a +0 falchion (weapon)
Armour
 f - a +0 ring mail (worn)
Scrolls
 d - 3 scrolls of identify {unknown}
 e - 2 scrolls of teleportation {unknown}
 g - a scroll of magic mapping {unknown}
 h - a scroll of blinking {unknown}
Comestibles
 b - a royal jelly
 c - 2 bread rations
 j - a fruit


   Skills:
 - Level 2.6 Fighting
 + Level 5.0 Long Blades
 - Level 2.1 Armour
 - Level 2.1 Dodging


You had 3 spell levels left.
You didn't know any spells.

Dungeon Overview and Level Annotations

Branches:
Dungeon (3/15)

Altars:
Cheibriados

Annotations:
D:3 Sigmund


Innate Abilities, Weirdness & Mutations

You are small and have problems with some larger weapons.
You are somewhat resistant to further mutation.
You are dopey. (Int -2)


Message History

You swing at nothing.
Something hits you but does no damage.
You swing at nothing.
Something hits you but does no damage.
You swing at nothing.
Something hits you but does no damage.
You completely miss something.
You feel less confused. Something hits you but does no damage.
You closely miss something.
You feel less wooden.
Your +0 ring mail unmelds from your body.
Something hits you but does no damage.
You hit something but do no damage.
You hear some strange, mumbled words.
A magic dart appears from out of thin air!
The magic dart hits you!
* * * LOW HITPOINT WARNING * * *
You closely miss something. Something completely misses you.
You miss something.
You feel yourself speed up. Something hits you.
You die...

#.##.##...........#
#.##.##......#..#....
#..#.##......#..# #
###.#.##......#..#
#...........#.#<.#
#####.#######.####
#.# ... #.# .### #@#
. .....s{........
..###g#...####.
#.##### #


You could see a giant cockroach and a hobgoblin.

Vanquished Creatures
  An adder (D:3)
  2 worms (D:2)
  2 dart slugs (D:2)
  2 leopard geckos
  A ball python (D:1)
  8 bats
  A giant cockroach (D:1)
  8 hobgoblins
  3 jackals (D:1)
  6 kobolds (D:1)
  A quokka (D:2)
  2 frilled lizards (D:1)
  7 goblins
  6 rats
50 creatures vanquished.

Notes
Turn   | Place    | Note
-------+----------+-------------------------------------------
     0 | D:1      | Monsterracer the Halfling Berserker began the quest for the Orb.
     0 | D:1      | Reached XP level 1. HP: 15/15 MP: 1/1
    94 | D:1      | Reached XP level 2. HP: 20/20 MP: 2/2
   969 | D:1      | Reached skill level 4 in Long Blades
   969 | D:1      | Reached XP level 3. HP: 8/25 MP: 3/3
  1452 | D:2      | Gained mutation: You are dopey. (Int -2) [potion of mutation]
  1818 | D:2      | Reached XP level 4. HP: 29/30 MP: 4/4
  1836 | D:2      | Reached ** piety under Trog
  1903 | D:2      | Found a snail-covered altar of Cheibriados.
  2364 | D:3      | Reached skill level 5 in Long Blades
  2554 | D:3      | Noticed Sigmund
  2600 | D:3      | Slain by Sigmund

Skill      XL: |  1  2  3  4 |
---------------+-------------+-----
Long Blades    | 4 5 |  5.0
Fighting       | |  2.6
Armour         | |  2.1
Dodging        | |  2.1

Action                   |  1- 3 |  4- 6 || total
-------------------------+-------+-------++-------
Melee: Falchion          |   111 |    80 ||   191
Invok: Berserk           |     2 |     1 ||     3
       Trog's Hand       |       |     2 ||     2
  Use: Potion            |     6 |     1 ||     7
  Eat: Chunk             |     5 |     1 ||     6
       Bread ration      |       |     1 ||     1
Armor: Animal skin       |    17 |       ||    17
       Ring mail         |     5 |    12 ||    17
       Skin              |       |    13 ||    13
Dodge: Dodged            |    87 |    25 ||   112
       Rpst.: Falchion   |    33 |     7 ||    40
